 Dungeon Sprint DCSS version 0.17-a0-1923-gc35365e (webtiles) character file.

2821 ololoev the Earth Mage (level 9, 0/45 HPs)
             Began as a Deep Elf Earth Elementalist on Sept 28, 2015.
             Was a Believer of Vehumet.
             Shot with an arrow by a centaur warrior (22 damage)
             ... in the Dungeon (Sprint I: "Red Sonja").
             The game lasted 00:06:52 (731 turns).

ololoev the Earth Mage (Deep Elf Earth Elementalist) Turns: 731, Time: 00:06:52

Health: 0/45       AC:  4    Str:  5    XL:     9   Next: 45%
Magic:  19/30      EV: 13    Int: 27    God:    Vehumet [**....]
Gold:   228        SH:  0    Dex: 15    Spells: 4 memorised, 25 levels left

rFire  . . .     SeeInvis .     a - +0 blowgun
rCold  . . .     Clarity  .     b - +0 robe
rNeg   . . .     SustAt   .     (no shield)
rPois  .         Gourm    .     p - +1 helmet {Int+3}
rElec  .         Spirit   .     (no cloak)
rCorr  .         Warding  .     (no gloves)
rMut   .         NoTele   +     (no boots)
MR     .....                    (no amulet)
Stlth  ++........               (no ring)
                                (no ring)

@: not resistant to hostile enchantments, unstealthy
A: no striking features
a: Renounce Religion

Inventory:

Hand weapons
 a - a +0 blowgun (weapon)
Missiles
 o - 3 curare-tipped needles (quivered)
Armour
 b - a +0 robe (worn)
 p - a +1 helmet of intelligence (worn)
Scrolls
 k - a scroll of amnesia
 m - a scroll of identify
 n - a scroll of recharging
Potions
 e - 3 potions of curing
 g - 2 potions of haste
 h - 2 potions of magic
 i - a potion of berserk rage
 l - a potion of flight
Books
 c - a book of Geomancy

   Spells                             Type                      Level
   a - Sandblast                      Earth                        1
   b - Stoneskin                      Transmutation/Earth          2
   c - Passwall                       Transmutation/Earth          3
   d - Stone Arrow                    Conjuration/Earth            3
   e - Petrify                        Transmutation/Earth          4
   f - Lee's Rapid Deconstruction     Earth                        5
Comestibles
 d - 2 bread rations


   Skills:
 - Level 2.4 Dodging
 - Level 2.4 Stealth
 + Level 15.4 Spellcasting
 - Level 1.1 Transmutations
 * Level 18.6 Earth Magic


You had 25 spell levels left. You knew the following spells: Your Spells Type Power Failure Level Hunger a - Sandblast Erth ###### 0% 1 None b - Petrify Trmt/Erth ######.. 1% 4 None c - Lee's Rapid Deconstr Erth #######... 1% 5 None s - Passwall Trmt/Erth ######.... 1% 3 None You were in the Dungeon. You worshipped Vehumet. Vehumet was pleased with you. You were not hungry. You visited 1 branch You collected 908 gold pieces. You spent 680 gold pieces at shops. ########################## #<.#..)..#.cc(.#__#§.....# #..)..#..').#..'^cc.§#...# #..#####'#####'#__##§# ..+ #..####..#..@#.####§§# ## #..#__####..##.# §§§# #..#_..__##c#..+ §§.§§ #⌠⌠#_.∩......._# §§ # ####_..._##_.#+##+### #..#_____##..#.#))..### ############.####'###.## #∩........'...'.....'.∩# ###++++####.).##########

Notes
Turn   | Place    | Note
--------------------------------------------------------------
     0 | D        | ololoev the Deep Elf Earth Elementalist began the quest for the Orb.
     0 | D        | Reached XP level 1. HP: 10/10 MP: 6/6
     2 | D        | Noticed Ijyb
     6 | D        | Killed Ijyb
     6 | D        | Reached skill level 7 in Earth Magic
     6 | D        | Reached XP level 2. HP: 15/15 MP: 2/8
    60 | D        | Noticed an ogre
    63 | D        | Killed an ogre
    63 | D        | Reached skill level 5 in Spellcasting
    63 | D        | Reached skill level 9 in Earth Magic
    64 | D        | Reached XP level 3. HP: 19/19 MP: 6/12
    64 | D        | Reached XP level 4. HP: 24/24 MP: 6/13
   117 | D        | Noticed Sigmund
   119 | D        | Killed Sigmund
   119 | D        | Reached skill level 11 in Earth Magic
   119 | D        | Reached XP level 5. HP: 28/28 MP: 12/18
   165 | D        | Found a deep blue altar of Sif Muna.
   166 | D        | Noticed a jelly
   167 | D        | Found a radiant altar of Vehumet.
   169 | D        | Killed a jelly
   169 | D        | Reached skill level 12 in Earth Magic
   169 | D        | Reached XP level 6. HP: 32/32 MP: 18/20
   173 | D        | Became a worshipper of Vehumet
   184 | D        | Found Cosor's Gadget Emporium.
   184 | D        | Found a white marble altar of Elyvilon.
   184 | D        | Found a stormy altar of Qazlal.
   184 | D        | Found a burning altar of Makhleb.
   184 | D        | Found a sacrificial altar of Ru.
   184 | D        | Found a basalt altar of Yredelemnul.
   184 | D        | Found a glowing golden altar of the Shining One.
   184 | D        | Found a sparkling altar of Nemelex Xobeh.
   184 | D        | Found a shimmering altar of Xom.
   184 | D        | Found an opulent altar of Gozag.
   184 | D        | Found an ancient bone altar of Kikubaaqudgha.
   184 | D        | Found a glowing silver altar of Zin.
   184 | D        | Noticed a yak
   187 | D        | Killed a yak
   187 | D        | Reached skill level 10 in Spellcasting
   187 | D        | Reached skill level 13 in Earth Magic
   189 | D        | Found an iron altar of Okawaru.
   202 | D        | Found a bloodstained altar of Trog.
   217 | D        | Found a snail-covered altar of Cheibriados.
   217 | D        | Found a viscous altar of Jiyva.
   217 | D        | Found a shadowy altar of Dithmenos.
   217 | D        | Found a blossoming altar of Fedhas.
   217 | D        | Noticed a slime creature
   221 | D        | Killed a slime creature
   221 | D        | Reached skill level 14 in Earth Magic
   221 | D        | Reached XP level 7. HP: 30/36 MP: 17/23
   276 | D        | Learned a level 4 spell: Petrify
   282 | D        | Learned a level 5 spell: Lee's Rapid Deconstruction
   286 | D        | Learned a level 3 spell: Passwall
   329 | D        | Noticed Sonja
   330 | D        | Killed Sonja
   330 | D        | Acquired Vehumet's first power
   330 | D        | Offered knowledge of Flame Tongue by Vehumet.
   330 | D        | Reached skill level 15 in Earth Magic
   330 | D        | Reached XP level 8. HP: 41/41 MP: 15/26
   349 | D        | Noticed a deep troll
   358 | D        | Killed a deep troll
   358 | D        | Reached skill level 16 in Earth Magic
   434 | D        | Found Pyelib's Armour Emporium.
   441 | D        | Bought the cursed +0 chain mail of Peek-a-Boo {*Contam rCorr Int+9} for 383 gold pieces
   514 | D        | Bought a +1 helmet of intelligence for 231 gold pieces
   533 | D        | Found Yfula's Magic Scroll Boutique.
   541 | D        | Bought a scroll of identify for 22 gold pieces
   541 | D        | Bought a scroll of identify for 22 gold pieces
   543 | D        | Bought a scroll of identify for 22 gold pieces
   576 | D        | Noticed a kobold demonologist
   582 | D        | Noticed a kobold demonologist
   582 | D        | Killed a kobold demonologist
   582 | D        | Reached skill level 17 in Earth Magic
   582 | D        | Offered knowledge of Throw Flame by Vehumet.
   584 | D        | Noticed an ice devil
   584 | D        | Killed a kobold demonologist
   584 | D        | Reached XP level 9. HP: 45/45 MP: 9/29
   586 | D        | Noticed a centaur warrior
   590 | D        | Noticed a centaur warrior
   591 | D        | HP: 1/45 [centaur warrior/arrow (3)]
   681 | D        | Killed a centaur warrior
   681 | D        | Reached skill level 15 in Spellcasting
   681 | D        | Reached skill level 18 in Earth Magic
   716 | D        | Noticed a wasp
   716 | D        | Killed a wasp
   716 | D        | Offered knowledge of Ignite Poison by Vehumet.
   731 | D        | Shot with an arrow by a centaur warrior

Dungeon Overview and Level Annotations

Branches:
Dungeon (1/1)

Altars:
Cheibriados
Dithmenos
Elyvilon
Fedhas
Gozag
Kikubaaqudgha
Makhleb
Nemelex Xobeh
Okawaru
Qazlal
Ru
Sif Muna
Trog
Vehumet
Xom
Yredelemnul
Zin
The Shining One
Jiyva

Shops:
D ?}[


Message History

You shoot a curare-tipped needle.
The curare-tipped needle hits the centaur warrior.
The centaur warrior looks even sicker.
The centaur warrior convulses.
The centaur warrior seems to be slow for longer.
The centaur warrior is moderately wounded.
The centaur warrior barely misses you.
Casting: Passwall
Confirm with . or Enter, or press ? or * to list all spells.
Aiming: Lee's Rapid Deconstruction
Press: ? - help, Dir - move target cursor, p - centaur warrior The door shatters!
The blast of rock fragments hits the centaur warrior.
You kill the centaur warrior!
Vehumet accepts your kill.
You feel your power returning.
Your Spellcasting skill increases to level 15!
Your Earth Magic skill increases to level 18!
You start resting.
A wasp comes into view.
Casting: Lee's Rapid Deconstruction
Confirm with . or Enter, or press ? or * to list all spells.
Aiming: Lee's Rapid Deconstruction
Press: ? - help, Dir - move target cursor The wall shatters!
The blast of rock fragments hits the wasp.
You kill the wasp!
Vehumet accepts your kill.
Vehumet offers you knowledge of Ignite Poison.
You start resting.
Casting: Lee's Rapid Deconstruction
Confirm with . or Enter, or press ? or * to list all spells.
Aiming: Lee's Rapid Deconstruction
Press: ? - help, Dir - move target cursor, f - centaur warrior Fragment what (e.g. wall or brittle monster)?: a centaur warrior, wielding a longbow (hasn't noticed you)
The door shatters!
The blast of rock fragments hits the centaur warrior.
The centaur warrior is severely wounded.
The centaur warrior shouts!
The centaur warrior shoots an arrow.
The arrow hits you!!
You die...

You could see a centaur warrior.

Vanquished Creatures
  A centaur warrior (D)
  Sonja (D)
  A deep troll (D)
  2 kobold demonologists (D)
  Sigmund (D)
  A yak (D)
  A slime creature (D)
  A wasp (D)
  An ogre (D)
  A jelly (D)
  Ijyb (D)
  A giant eyeball (D)
  A ballistomycete (D)
  A giant spore (D)
15 creatures vanquished.

Vanquished Creatures (others)
  A giant spore (D)
1 creature vanquished.

Grand Total: 16 creatures vanquished

Action                   |  1- 3 |  4- 6 |  7- 9 || total
-------------------------+-------+-------+-------++-------
 Fire: Blowgun           |       |       |     3 ||     3
 Cast: Sandblast         |     7 |     9 |     4 ||    20
       Passwall          |       |       |     5 ||     5
       Lee's Rapid Decon |       |       |     9 ||     9
       Petrify           |       |       |     2 ||     2
  Use: Scroll            |       |       |     4 ||     4
       Potion            |       |       |     1 ||     1
 Stab: Sleeping          |       |       |     1 ||     1
       Distracted        |       |       |     1 ||     1

Vault maps used:
D:        dungeon_sprint_1
